 Dungeon Crawl Stone Soup version 0.19-a0-172-g3b1235c (webtiles) character file.

21350 Duffy the Cleaver (level 12, -8/110 HPs)
             Began as a Minotaur Skald on May 22, 2016.
             Was the Champion of Cheibriados.
             Killed by drain life
             ... invoked by a soul eater
             ... summoned by Frances
              (14 damage)
             ... on level 12 of the Dungeon.
             The game lasted 00:18:37 (15328 turns).

Duffy the Cleaver (Minotaur Skald)                 Turns: 15328, Time: 00:18:38

Health: -8/110     AC: 15    Str: 41    XL:     12   Next: 53%
Magic:  6/17       EV: 17    Int: 25    God:    Cheibriados [******]
Gold:   814        SH:  0    Dex: 25    Spells: 1 memorised, 12 levels left

rFire  x . .     SeeInvis .     g - +2 hand axe (venom)
rCold  + . .     Gourm    .     o - +0 plate armour
rNeg   . . .     Faith    .     (no shield)
rPois  .         Spirit   .     (helmet restricted)
rElec  .         Dismiss  .     (no cloak)
rCorr  .         Reflect  .     (no gloves)
SustAt .         Harm     .     (no boots)
MR     .....                    J - amulet of magic regeneration
Stlth  ..........               p - +1 ring of protection
                                w - ring of ice

@: mighty, very slow, not resistant to hostile enchantments, extremely
unstealthy
A: retaliatory headbutt, horns 2
a: Bend Time, Temporal Distortion, Slouch, Step From Time, Renounce Religion


You were on level 12 of the Dungeon.
You worshipped Cheibriados.
Cheibriados was exalted by your worship.
You were hungry.

You visited 2 branches of the dungeon, and saw 14 of its levels.

You collected 814 gold pieces.


Innate Abilities, Weirdness & Mutations

You reflexively headbutt those who attack you in melee.
You have a pair of horns on your head.


   Skills:
 + Level 11.0 Fighting
 - Level 14.8 Axes
 + Level 9.8 Armour
 + Level 8.2 Dodging
 - Level 1.3 Spellcasting
 - Level 2.0 Charms
 - Level 9.0 Invocations


You had 12 spell levels left.
You knew the following spells:

 Your Spells              Type           Power        Failure   Level  Hunger
a - Infusion              Chrm           ##..         28%         1    #......

Inventory:

Hand Weapons
 a - a +0 hand axe
 g - a +2 hand axe of venom (weapon)
 n - a +2 dire flail
 s - a +0 war axe
 x - a +0 blowgun
 O - a +4 scimitar of flaming
Missiles
 e - 80 poisoned needles
 A - 2 throwing nets (quivered)
 C - 9 tomahawks
 U - an exploding tomahawk
 W - 5 tomahawks of dispersal
Armour
 o - a +0 plate armour (worn)
Jewellery
 k - an uncursed ring of stealth
 p - a +1 ring of protection (right hand)
 w - a ring of ice (left hand)
 D - an uncursed ring of fire
 J - an amulet of magic regeneration (around neck)
Wands
 h - a wand of teleportation (6/9)
 H - a wand of acid (8/15)
 I - a wand of flame (21/48)
 N - a wand of paralysis (5/24)
 P - a wand of teleportation (2/9)
Scrolls
 b - 3 scrolls of enchant weapon
 f - 2 scrolls of immolation
 j - a scroll of magic mapping {unknown}
 l - 2 scrolls of blinking {unknown}
 t - 2 scrolls of fear {unknown}
 u - 2 scrolls of random uselessness {unknown}
 v - 3 scrolls of teleportation
 y - 3 scrolls of fog
 z - 4 scrolls of remove curse
 G - 2 scrolls of recharging
 Q - a scroll of brand weapon {unknown}
 R - a scroll of summoning {unknown}
 S - a scroll of enchant armour {unknown}
 T - a scroll of silence
Potions
 i - 4 potions of flight
 m - 4 potions of agility
 q - 7 potions of curing
 r - 3 potions of cancellation
 B - a potion of lignification
Books
 c - a book of Battle
Miscellaneous
 M - a legendary deck of changes
Comestibles
 d - 11 bread rations
 E - a meat ration
 F - 27 fruits
 K - a beef jerky
 L - 11 royal jellies

Dungeon Overview and Level Annotations

Branches:
Dungeon (13/15)            Temple (1/1) D:5            Lair (0/8) D:10
    Orc (0/2) D:10
 Vaults: D:13-14

Altars:
Ashenzari
Cheibriados
Dithmenos
Elyvilon
Fedhas
Gozag
Kikubaaqudgha
Makhleb
Nemelex Xobeh
Okawaru
Pakellas
Qazlal
Ru
Sif Muna
Trog
Vehumet
Xom
Yredelemnul
Zin
The Shining One
Beogh

Shops:
D:11 *[   D:13 [

Portals:
Trove: D:11 (give +5 demon whip)

Annotations:
D:12 Frances


Message History

You headbutt the soul eater, but do no damage.
An orc comes into view. It is wielding a whip.
You closely miss Frances. You headbutt Frances.
Frances is lightly wounded.
You closely miss the soul eater.
The orc priest calls down the wrath of Beogh upon you.
Beogh smites you!
You slash Frances! You headbutt Frances!!
Frances is moderately wounded.
You hit the soul eater but do no damage.
The soul eater draws from the surrounding life force!
The soul eater hits you but does no damage.
You slash Frances!
Frances is poisoned.
You headbutt Frances, but do no damage.
Frances is moderately wounded.
You hit the soul eater but do no damage.
You hit Frances but do no damage. You headbutt Frances!
Frances is heavily wounded.
You hit the soul eater.
The soul eater is lightly wounded.
The soul eater closely misses you. You furiously retaliate!
You headbutt the soul eater!
Frances says, "I have seen worlds and universes beyond all imagining."
Frances hits you with a battleaxe!!
You hear a bellow!
Use which ability? (? or * to list)
You can feel time thicken for a moment.
You kill the orc priest!
Cheibriados thoroughly appreciates the change of pace.
You kill the orc wizard!
Cheibriados thoroughly appreciates the change of pace.
You kill the orc wizard!
Cheibriados thoroughly appreciates the change of pace.
You kill the orc!
Cheibriados appreciates the change of pace.
You are feeling hungry.
The soul eater draws from the surrounding life force!
The soul eater is healed.
Use which ability? (? or * to list)
You can feel time thicken for a moment.
You kill the yak!
Cheibriados appreciates the change of pace.
You feel somewhat more hungry. The soul eater hits you!
Frances whispers indecipherable words.
The shard of ice hits you! You partially resist.
A yak comes into view.
Drink which item? (? for menu, Esc to quit)
It was a potion of might.
You feel very mighty all of a sudden.
The soul eater draws from the surrounding life force!
You die...

#.# ###.#
#############...#
#...............#
#.###########.###
#.# #.# ##### #.#
#.# #.(.# #3# #.#
#...# #@# #.#
####...# #@# #.#
...'...# #Y# #.#
####...#########3#
#######.#
.......'.......%YY
......>.#
###....#######.#)#
#######.# #
#....##### #)) #.#
###.#.....<# ...
#.# ..#.########
#.#


You could see Frances, 2 soul eaters and 3 yaks.

Action                   |  1- 3 |  4- 6 |  7- 9 | 10-12 || total
-------------------------+-------+-------+-------+-------++-------
Melee: Hand axe          |   126 |   151 |   364 |   503 ||  1144
       Headbutt          |    18 |    25 |    84 |   191 ||   318
       War axe           |       |       |       |    28 ||    28
Invok: Slouch            |       |       |       |     2 ||     2
       Bend Time         |       |       |       |     1 ||     1
  Use: Scroll            |     3 |     4 |     4 |     7 ||    18
       Potion            |     1 |     1 |       |     1 ||     3
 Stab: Sleeping          |     1 |       |       |       ||     1
  Eat: Chunk             |     4 |     6 |     9 |    12 ||    31
       Fruit             |       |       |     2 |       ||     2
       Beef jerky        |       |       |     1 |       ||     1
Armor: Leather armour    |    23 |       |       |       ||    23
       Plate armour      |    16 |   118 |   197 |   208 ||   539
Dodge: Dodged            |    49 |    42 |   108 |   298 ||   497

Notes
Turn   | Place    | Note
--------------------------------------------------------------
     0 | D:1      | Duffy the Minotaur Skald began the quest for the Orb.
     0 | D:1      | Reached XP level 1. HP: 18/18 MP: 1/1
     4 | D:1      | You fall through a shaft!
   293 | D:1      | Reached XP level 2. HP: 25/25 MP: 3/3
   365 | D:1      | Reached skill level 3 in Fighting
   454 | D:1      | Reached skill level 3 in Axes
  1228 | D:2      | Reached XP level 3. HP: 4/31 MP: 4/4
  1534 | D:2      | Reached skill level 4 in Fighting
  1999 | D:2      | Reached XP level 4. HP: 40/40 MP: 5/5
  2233 | D:3      | Found a white marble altar of Elyvilon.
  2310 | D:3      | Reached skill level 4 in Axes
  3006 | D:4      | Noticed an ogre
  3018 | D:4      | Killed an ogre
  3018 | D:4      | Reached skill level 5 in Axes
  3018 | D:4      | Reached skill level 2 in Armour
  3018 | D:4      | Reached XP level 5. HP: 7/47 MP: 1/6
  3371 | D:4      | Reached skill level 3 in Armour
  3625 | D:4      | Noticed a sky beast
  3642 | D:4      | Killed a sky beast
  3642 | D:4      | Reached skill level 4 in Armour
  3642 | D:4      | Reached XP level 6. HP: 32/53 MP: 5/7
  3800 | D:4      | Reached skill level 6 in Axes
  3868 | D:4      | Reached skill level 5 in Armour
  4105 | D:4      | Reached XP level 7. HP: 57/60 MP: 8/8
  4169 | D:4      | Reached skill level 7 in Axes
  4679 | D:5      | Entered Level 5 of the Dungeon
  4684 | D:5      | Found a staircase to the Ecumenical Temple.
  4701 | D:5      | Reached skill level 6 in Armour
  4716 | Temple   | Entered the Ecumenical Temple
  5004 | Temple   | Became a worshipper of Cheibriados the Contemplative
  5336 | D:5      | Reached skill level 8 in Axes
  5336 | D:5      | Reached skill level 2 in Dodging
  5336 | D:5      | Reached XP level 8. HP: 54/67 MP: 9/9
  5378 | D:5      | Reached * piety under Cheibriados
  5780 | D:5      | Reached skill level 5 in Fighting
  5854 | D:5      | Reached skill level 9 in Axes
  5937 | D:5      | Reached ** piety under Cheibriados
  6710 | D:5      | Noticed Grinder
  6722 | D:5      | Killed Grinder
  6722 | D:5      | Reached skill level 3 in Invocations
  6823 | D:6      | Reached skill level 6 in Fighting
  7103 | D:6      | Reached XP level 9. HP: 76/78 MP: 10/10
  7151 | D:6      | Reached skill level 10 in Axes
  7287 | D:7      | Found a radiant altar of Vehumet.
  7295 | D:7      | Reached skill level 7 in Fighting
  7394 | D:7      | Reached *** piety under Cheibriados
  7650 | D:7      | Reached skill level 8 in Fighting
  8014 | D:7      | Reached skill level 11 in Axes
  8035 | D:7      | Reached **** piety under Cheibriados
  8035 | D:7      | Reached skill level 3 in Dodging
  8125 | D:7      | Reached skill level 4 in Dodging
  8625 | D:8      | Noticed Prince Ribbit
  8632 | D:8      | Killed Prince Ribbit
  8632 | D:8      | Reached XP level 10. HP: 79/90 MP: 11/11
  8679 | D:8      | Noticed Joseph
  8695 | D:8      | Killed Joseph
  8695 | D:8      | Reached skill level 12 in Axes
  8695 | D:8      | Reached skill level 5 in Dodging
  9288 | D:8      | Reached ***** piety under Cheibriados
  9492 | D:9      | Reached skill level 4 in Invocations
  9823 | D:9      | Noticed beholder's ghost (novice OgHu)
 10030 | D:9      | Killed beholder's ghost
 10030 | D:9      | Reached skill level 5 in Invocations
 10284 | D:9      | Reached skill level 13 in Axes
 10703 | D:9      | Reached skill level 6 in Invocations
 10981 | D:10     | Entered Level 10 of the Dungeon
 10993 | D:10     | Found a roughly hewn altar of Beogh.
 10993 | D:10     | Found a staircase to the Orcish Mines.
 11016 | D:10     | Reached ****** piety under Cheibriados
 11201 | D:10     | Reached XP level 11. HP: 95/95 MP: 13/15
 11348 | D:10     | Reached skill level 7 in Invocations
 11449 | D:10     | You fall through a shaft for 3 floors!
 11460 | D:13     | Noticed a centaur warrior
 11469 | D:13     | Killed a centaur warrior
 11557 | D:13     | Found Vuot's Armour Shop.
 11560 | D:13     | Reached skill level 14 in Axes
 11968 | D:13     | Noticed a deep elf mage
 11981 | D:13     | Killed a deep elf mage
 11981 | D:13     | Reached skill level 8 in Invocations
 12625 | D:11     | Found Afruog's Antique Armour Shop.
 12646 | D:11     | Found a portal to a secret trove of treasure.
 12662 | D:11     | Reached skill level 9 in Invocations
 12771 | D:11     | Noticed a wizard
 12780 | D:11     | Killed a wizard
 12780 | D:11     | Reached skill level 9 in Fighting
 12780 | D:11     | Reached skill level 7 in Armour
 12951 | D:11     | Found an ancient bone altar of Kikubaaqudgha.
 13208 | D:11     | Noticed a hill giant
 13214 | D:11     | Killed a hill giant
 13214 | D:11     | Reached skill level 6 in Dodging
 13345 | D:11     | Found Zopunwu's Assorted Antiques.
 13394 | D:11     | Killed an unseen horror
 13499 | D:10     | Found a staircase to the Lair.
 13748 | D:10     | Reached skill level 8 in Armour
 13748 | D:10     | Reached XP level 12. HP: 103/106 MP: 17/17
 14125 | D:12     | Reached skill level 10 in Fighting
 14125 | D:12     | Reached skill level 7 in Dodging
 14317 | D:12     | Noticed a centaur warrior
 14329 | D:12     | Killed a centaur warrior
 14407 | D:12     | Noticed a death knight
 14481 | D:12     | Killed a death knight
 14481 | D:12     | Reached skill level 9 in Armour
 14973 | D:12     | Found a sacrificial altar of Ru.
 15032 | D:12     | Reached skill level 8 in Dodging
 15308 | D:12     | Reached skill level 11 in Fighting
 15317 | D:12     | Noticed Frances
 15328 | D:12     | Killed from afar by a soul eater

Skill      XL: |  1  2  3  4  5  6  7  8  9 10 11 12 |
---------------+-------------------------------------+-----
Fighting       | 3 4 6 8 9 11 | 11.0
Axes           | 3 5 6 8 9 11 13 14 | 14.8
Armour         | 2 4 5 6 8 9 |  9.8
Dodging        | 2 4 5 6 8 |  8.2
Invocations    | 3 6 9 |  9.0
Spellcasting   | |  1.3
Charms         | |  2.0

Vault maps used:
D:1:      minmay_arrival_semitransparent
D:3:      wad_pebble_path, first_bread, elyvilon_altar_5
D:5:      kennysheep_kobold_camp, temple_green, dk_vineyard_1, uniq_grinder
D:7:      hangedman_cross_stitches, vehumet_altar_wand_db
D:8:      uniq_joseph, uniq_prince_ribbit1
D:9:      hangedman_little_slice_of_home
D:10:     david_lair_shrubbed, david_orc_5
D:11:     basic_altar, serial_shops, shop, shop, enter_trove_0
D:12:     cheibrodos_orc_bank, basic_altar, uniq_frances
D:13:     serial_shops, shop
Temple:   grunt_circular_temple_18

Vanquished Creatures
  2 centaur warriors
  A death knight
  The ghost of beholder the Skirmisher, a novice OgHu
  An unseen horror
  A wizard
  2 hill giants
  An orc knight
  2 deep elf magi
  A griffon
  A cyclops Joseph
  A manticore
  2 centaur zombies
  A spiny frog (shapeshifter)
  An efreet
  A komodo dragon
  A freezing wraith
  2 tengu conjurers
  7 trolls
  2 two-headed ogres Grinder Prince Ribbit
  A yak
  3 hippogriffs
  2 hungry ghosts
  2 vampire mosquitoes
  A soldier ant
  A water moccasin
  5 orc warriors
  An eye of draining
  3 ice beasts
  A black bear
  11 ogres
  6 sky beasts
  4 phantoms
  A necrophage
  6 centaurs
  2 big kobolds
  8 giant frogs
  4 scorpions
  A water moccasin skeleton
  16 killer bees
  8 wights
  3 howler monkeys
  5 crimson imps
  A giant frog zombie
  2 quasits
  A wasp zombie
  16 orc wizards
  3 giant frog skeletons
  6 centaur skeletons
  5 hounds
  9 jellies
  8 orc priests
  An iguana
  11 worker ants
  A killer bee zombie
  2 hound skeletons
  2 howler monkey zombies
  11 gnolls
  17 adders
  A howler monkey skeleton
  7 shadow imps
  7 oozes
  2 adder skeletons
  5 worms
  3 dart slugs
  4 giant geckos
  65 orcs
  2 ball pythons
  4 bats
  7 giant cockroaches
  12 hobgoblins
  4 jackals
  29 kobolds
  4 quokkas
  7 giant newts
  9 goblins
  A quokka skeleton
  8 rats
  6 plants
412 creatures vanquished.
